 Dungeon Crawl Stone Soup version 0.28.0-53-g5a82cb258f (webtiles) character file.

Game seed: 6095286891924726390

1764 Sin92 the Cudgeller (level 8, -1/68 HPs)
             Began as a Demonspawn Fighter on June 21, 2022.
             Was a Believer of Okawaru.
             Succumbed to a killer bee's poison
             ... on level 6 of the Dungeon.
             The game lasted 00:07:48 (7722 turns).

Sin92 the Cudgeller (Demonspawn Fighter)            Turns: 7722, Time: 00:07:50

Health: -1/68      AC: 13    Str: 19    XL:     8   Next: 79%
Magic:  11/11      EV: 10    Int:  9    God:    Okawaru [**....]
Gold:   293        SH: 10    Dex: 13    Spells: 7/7 levels left

rFire   . . .      SeeInvis .   a - +1 flail (flame)
rCold   . . .      Faith    .   c - +1 buckler
rNeg    + . .      Spirit   .   b - +0 scale mail
rPois   .          Reflect  .   (no helmet)
rElec   .          Harm     .   (no cloak)
rCorr   .          Rampage  .   p - +0 pair of gloves
Will    .....                   k - +2 pair of boots
Stlth   ..........              (no amulet)
HPRegen 0.21/turn               h - ring of positive energy
MPRegen 0.12/turn               (no ring)

@: lethally poisoned (-1 -> -26), studying 2 skills
A: hooves 1, yellow scales 1, condensation shield, robust 1
a: Renounce Religion, Heroism


You were on level 6 of the Dungeon.
You worshipped Okawaru.
Okawaru was pleased with you.
You visited 2 branches of the dungeon, and saw 8 of its levels.

You collected 293 gold pieces.

Inventory:

Hand Weapons
 a - a +1 flail of flaming (weapon)
Armour
 b - a +0 scale mail (worn)
 c - a +1 buckler (worn)
 k - a +2 pair of boots (worn)
 p - a +0 pair of gloves (worn)
Jewellery
 g - a ring of fire
 h - a ring of positive energy (left hand)
Scrolls
 e - 2 scrolls of noise
 f - a scroll of identify
 i - a scroll of teleportation
 n - 2 scrolls of enchant armour
 q - a scroll of silence
 t - a scroll of summoning {unknown}
Potions
 d - a potion of might
 j - 2 potions of brilliance {unknown}
 l - 2 potions of lignification {unknown}
 m - a potion of heal wounds {unknown}
 o - 3 potions of attraction
 r - a potion of mutation


   Skills:
 + Level 5.3 Fighting
 * Level 6.0 Maces & Flails
 + Level 4.7 Armour
 + Level 3.8 Dodging
 + Level 4.8 Shields
 + Level 4.0 Invocations


You had 7 spell levels left.
You didn't know any spells.
Your spell library contained the following spells:

 Spells                   Type           Power      Damage    Failure   Level
 Ensorcelled Hibernation  Hex/Ice        0%         N/A       92%         2
 Passwall                 Tmut/Erth      0%         N/A       92%         2
 Swiftness                Air            0%         N/A       99%         3


Dungeon Overview and Level Annotations

Branches:
Dungeon (7/15)             Temple (1/1) D:4

Altars:
Ashenzari
Cheibriados
Dithmenos
Fedhas
Gozag
Hepliaklqana
Nemelex Xobeh
Okawaru
Qazlal
Ru
Trog
Uskayaw
Vehumet
Wu Jian
Xom
The Shining One

Shops:
D:5 ?


Innate Abilities, Weirdness & Mutations

You have large cloven feet.
You are partially covered in yellow scales. (AC +2)
A meltable shield of frost defends you. (SH +4)
You are robust. (+10% HP)


Message History

You block the killer bee's attack. x2; The killer bee stings you.
You are more poisoned.
The killer bee poisons you!
The killer bee stings you but does no damage.
You sock the killer bee! You burn the killer bee.
The killer bee is severely wounded.
You feel extremely sick. The killer bee closely misses you.
The killer bee barely misses you.
The killer bee stings you but does no damage.
The killer bee barely misses you. The killer bee stings you!
You are lethally poisoned!
The killer bee poisons you!
The killer bee stings you but does no damage.
You are too injured to fight recklessly!
Unknown command.
You are too injured to fight recklessly!
Unknown command.
You are too injured to fight recklessly!
Your hearing returns.
You feel extremely sick. The killer bee closely misses you.
The killer bee barely misses you. You block the killer bee's attack.
The killer bee stings you but does no damage.
You block the killer bee's attack. The killer bee barely misses you.
You climb upwards.
* * * LOW HITPOINT WARNING * * *
You feel extremely sick.
You feel less attractive to monsters.
There is a stone staircase leading down here.
* * * LOW HITPOINT WARNING * * *
You feel very sick. The killer bee stings you.
* * * LOW HITPOINT WARNING * * *
You are more poisoned.
The killer bee poisons you! You block the killer bee's attack.
The killer bee stings you.
* * * LOW HITPOINT WARNING * * *
You block the killer bee's attack.
The killer bee stings you but does no damage.
You die...

#..###..## ##### #.#.#.#..##
#...# .###[###..# #.#.#
#.#.#.#.#.## #.#.# #..###..#..#
#.#.# #.#.#.#.#..#
###########.#.# .###.###...#
#...........#.#
..#.#.#.#..#####.#y.##.....#.##
...###..#.......@.y.#...#.....#
....#...#.#####..y..#...#..####
.....###..# #...........#..#.#
...[....)####...........#....#
####..###)....#.#####...#....#
......##......+....##........#
#####.##......#.##.##.#)####.#
# #>.#......#.##.#.........# #
###.#......#+##.#..#.######


You could see 3 killer bees.

Vanquished Creatures
  A yak (D:6)
  A water moccasin (D:5)
  A sky beast (D:6)
  A black bear (D:5)
  2 ogres
  A centaur (D:6)
  A phantom (D:5)
  A bullfrog (D:6)
  6 scorpions
  2 water moccasin zombies
  An orc priest (D:4)
  2 jellies (D:4)
  A centaur skeleton (D:5)
  5 orc wizards
  2 hound skeletons
  A howler monkey skeleton (D:4)
  7 adders
  3 gnolls (D:6)
  2 worms
  A dart slug (D:4)
  15 orcs
  7 ball pythons
  6 bats
  3 endoplasms
  4 giant cockroaches
  4 goblins
  4 hobgoblins
  4 jackals (D:4)
  3 quokkas
  2 frilled lizards
  A kobold (D:1)
  8 rats
103 creatures vanquished.

Vanquished Creatures (others)
  An orc wizard (D:4)
1 creature vanquished.

Grand Total: 104 creatures vanquished

Notes
Turn   | Place    | Note
-------+----------+-------------------------------------------
     0 | D:1      | Sin92 the Demonspawn Fighter began the quest for the Orb.
     0 | D:1      | Reached XP level 1. HP: 18/18 MP: 1/1
   336 | D:1      | Reached skill level 2 in Maces & Flails
   593 | D:1      | Gained mutation: A meltable shield of frost defends you.
                  | (SH +4) [demonic ancestry]
   593 | D:1      | Reached XP level 2. HP: 22/24 MP: 2/2
  1363 | D:2      | Gained mutation: You are robust. (+10% HP) [potion of
                  | mutation]
  1369 | D:2      | Reached XP level 3. HP: 19/31 MP: 3/3
  1495 | D:2      | Reached skill level 1 in Dodging
  1944 | D:2      | Reached XP level 4. HP: 37/38 MP: 4/4
  2967 | D:4      | Noticed an ogre
  2977 | D:4      | Killed an ogre
  2978 | D:4      | Reached skill level 3 in Maces & Flails
  2978 | D:4      | Reached XP level 5. HP: 6/45 MP: 5/5
  3426 | D:4      | Reached XP level 6. HP: 32/52 MP: 6/6
  4398 | D:4      | Reached skill level 4 in Maces & Flails
  4416 | D:4      | Found a staircase to the Ecumenical Temple.
  4442 | Temple   | Entered the Ecumenical Temple
  4718 | Temple   | Became a worshipper of Warmaster Okawaru
  5033 | D:5      | Entered Level 5 of the Dungeon
  5033 | D:5      | Found Fikh's Magic Scroll Shop.
  5153 | D:5      | Gained mutation: You have large cloven feet. [demonic
                  | ancestry]
  5153 | D:5      | Reached XP level 7. HP: 11/59 MP: 7/7
  5431 | D:5      | Reached skill level 1 in Invocations
  5888 | D:5      | Reached * piety under Okawaru
  6015 | D:5      | Reached skill level 5 in Maces & Flails
  6146 | D:5      | Identified the +1 ring mail "Byppub" {rPois rF+ rC+ Will+}
  6220 | D:6      | Gained mutation: You are partially covered in yellow
                  | scales. (AC +2) [demonic ancestry]
  6220 | D:6      | Reached XP level 8. HP: 65/67 MP: 9/9
  6414 | D:6      | Reached skill level 5 in Fighting
  6717 | D:6      | Reached ** piety under Okawaru
  7497 | D:6      | Reached skill level 6 in Maces & Flails
  7722 | D:6      | Succumbed to a killer bee's poison

Illustrated notes

Levels and vault maps discovered:
D:1:      eino_arrival_cavern_a, layout_loops_corners
D:2:      layout_basic
D:3:      layout_basic
D:4:      layout_loops_ring, minmay_temple_entry_mist
D:5:      nicolae_cairo_tiling_large, layout_basic, serial_shops,
          nicolae_stop_n_shop_1
D:6:      layout_basic, nicolae_concentric_dashed_squares_wild,
          minmay_manual_mail
D:7:      layout_gridville, kennysheep_ying_yang, uniq_joseph
Temple:   regret_index_temple_sphere_string

Skill      XL: |  1  2  3  4  5  6  7  8 |
---------------+-------------------------+-----
Maces & Flails | 2 3 4 5 6 |  6.0
Dodging        | 1 2 3 |  3.8
Armour         | 3 4 |  4.7
Shields        | 3 4 |  4.8
Fighting       | 4 5 |  5.3
Invocations    | 2 4 |  4.0

Action                   |  1- 3 |  4- 6 |  7- 9 || total
-------------------------+-------+-------+-------++-------
Melee: Flail             |   111 |   161 |   181 ||   453
  Use: Potion            |     2 |     1 |     3 ||     6
       Scroll            |     3 |     5 |     1 ||     9
Armor: Scale mail        |    43 |    91 |    77 ||   211
Dodge: Dodged            |    36 |    56 |    56 ||   148
Block: Buckler           |    36 |    48 |    93 ||   177
